 Dungeon Crawl Stone Soup version 0.26-a0-812-g31a745ddcd (webtiles) character file.

Game seed: 3219774582869294958

576 marklar909 the Chiller (level 7, -3/49 HPs)
             Began as a Barachi Ice Elementalist on Nov 14, 2020.
             Slain by a killer bee (5 damage)
             ... on level 7 of the Dungeon.
             The game lasted 00:04:48 (4796 turns).

marklar909 the Chiller (Barachi Ice Elementalist)   Turns: 4796, Time: 00:04:48

Health: -3/49      AC:  4    Str: 11    XL:     7   Next: 35%
Magic:  0/13       EV: 13    Int: 16    God:
Gold:   236        SH:  0    Dex: 12    Spells: 8/15 levels left

rFire    . . .     SeeInvis .   i - +2 scythe (venom)
rCold    . . .     Faith    .   (shield currently unavailable)
rNeg     + . .     Spirit   +   k - +2 robe {rN+}
rPois    .         Reflect  .   (no helmet)
rElec    .         Harm     .   (no cloak)
rCorr    .         Rampage  .   (no gloves)
MR       .....                  (no boots)
Stlth    ++........             e - amulet of guardian spirit
HPRegen  0.16/turn              (no ring)
MPRegen  0.13/turn              (no ring)

@: frozen ramparts, slow
A: +LOS, swims, slowness 1, strong legs 1
a: Hop


You were on level 7 of the Dungeon.
You visited 1 branch of the dungeon, and saw 5 of its levels.

You collected 236 gold pieces.

Inventory:

Hand Weapons
 i - a +2 scythe of venom (weapon)
Armour
 k - a +2 robe of positive energy (worn)
Jewellery
 e - an amulet of guardian spirit (around neck)
 o - an uncursed ring of magical power {unknown}
 p - a +4 ring of protection {unknown}
Scrolls
 b - 2 scrolls of enchant weapon {unknown}
 c - 4 scrolls of identify {unknown}
 d - 3 scrolls of amnesia {unknown}
 h - a scroll of teleportation {unknown}
 j - 2 scrolls of fear {unknown}
 m - 2 scrolls of remove curse {unknown}
 q - a scroll of immolation {unknown}
 s - a scroll of summoning {unknown}
Potions
 a - 2 potions of degeneration {unknown}
 f - a potion of heal wounds {unknown}
 g - 2 potions of curing
 l - 2 potions of mutation {unknown}
 n - 3 potions of might {unknown}
 r - a potion of haste {unknown}


   Skills:
 + Level 1.7 Fighting
 + Level 2.2 Polearms
 + Level 3.2 Dodging
 + Level 2.5 Stealth
 + Level 0.5 Unarmed Combat
 + Level 4.5 Spellcasting
 + Level 7.4 Ice Magic


You had 8 spell levels left.
You knew the following spells:

 Your Spells              Type           Power        Failure   Level
a - Freeze                Ice            ####         1%          1
b - Frozen Ramparts       Ice            ####..       2%          3
c - Ozocubu's Armour      Ice            ####....     2%          3

Your spell library contained the following spells:

 Spells                   Type           Power        Failure   Level
 Hailstorm                Conj/Ice       ###.....     34%         4
 Summon Ice Beast         Ice/Summ       ###.....     34%         4


Dungeon Overview and Level Annotations

Branches:
Dungeon (4/15)
 Temple: D:4-7

Altars:
Cheibriados


Innate Abilities, Weirdness & Mutations

You can be seen from farther away. (+LOS)
You can swim through water.
You cover ground slowly.
You can hop short distances.


Message History

There is an open door here.
Items here: ) [ ††.
Casting: Frozen Ramparts (dangerous; 2% risk of failure)
Confirm with . or Enter, or press ? or * to list all spells.
The walls around you are covered in ice.
* * * LOW HITPOINT WARNING * * *
You feel sick.
The wall freezes the killer bee.
The killer bee stings you.
* * * LOW HITPOINT WARNING * * *
The wall freezes the killer bee but do no damage.
The killer bee stings you.
* * * LOW HITPOINT WARNING * * *
It was a potion of curing.
You feel better.
The wall freezes the killer bee.
The killer bee stings you!
* * * LOW HITPOINT WARNING * * *
The wall freezes the killer bee.
The killer bee stings you.
* * * LOW HITPOINT WARNING * * *
Unknown command.
Okay, then.
The wall freezes the killer bee. x2; The killer bee stings you.
You die...

..........
##+#######.........
.......$.#........
........#........
......#......
♣♣♣....#....#
♣(.....#....#
♣......#....#
♣♣♣♣♣..y@...#
♣(.....#....#
♣......#....#
...♣♣♣♣♣?...#....#
............#....#
............#'####
............#...#
#####'#######...#
.............#


You could see a killer bee.

Vanquished Creatures
  Sigmund (D:2)
  A bullfrog (D:4)
  2 howler monkeys (D:7)
  2 hounds (D:4)
  An orc wizard (D:3)
  A howler monkey skeleton (D:4)
  A gnoll (D:1)
  4 adders
  2 oozes
  5 worms
  5 dart slugs
  6 leopard geckos
  8 orcs
  A ball python (D:1)
  3 giant cockroaches
  14 goblins
  6 hobgoblins
  8 jackals
  A quokka (D:3)
  3 bats
  A frilled lizard (D:3)
  7 kobolds
  6 rats
89 creatures vanquished.

Notes
Turn   | Place    | Note
-------+----------+-------------------------------------------
     0 | D:1      | marklar909 the Barachi Ice Elementalist began the quest for
                  | the Orb.
     0 | D:1      | Reached XP level 1. HP: 13/13 MP: 3/3
   109 | D:1      | Reached skill level 5 in Ice Magic
   280 | D:1      | Reached XP level 2. HP: 19/19 MP: 3/5
   616 | D:1      | Reached skill level 1 in Fighting
   891 | D:1      | Reached XP level 3. HP: 24/26 MP: 3/6
  1956 | D:2      | Reached XP level 4. HP: 29/32 MP: 2/7
  1958 | D:2      | Reached skill level 6 in Ice Magic
  2071 | D:2      | Learned a level 3 spell: Frozen Ramparts
  2075 | D:2      | Learned a level 3 spell: Ozocubu's Armour
  2184 | D:2      | Noticed Sigmund
  2192 | D:2      | Killed Sigmund
  2192 | D:2      | Reached XP level 5. HP: 37/37 MP: 1/11
  2192 | D:2      | Reached XP level 6. HP: 43/43 MP: 1/12
  2622 | D:2      | Reached skill level 7 in Ice Magic
  3682 | D:3      | Found a snail-covered altar of Cheibriados.
  3873 | D:4      | Reached skill level 1 in Polearms
  4188 | D:4      | Noticed a phantom
  4260 | D:4      | Reached XP level 7. HP: 36/48 MP: 8/13
  4688 | D:4      | You fall into a shaft and drop 3 floors!
  4794 | D:7      | HP: 1/49 [killer bee (2)]
  4796 | D:7      | Slain by a killer bee

Illustrated notes

Levels and vault maps discovered:
D:1:      co_arrival_random_square_maze, layout_loops_cross
D:2:      cheibrodos_greedy_goblins, layout_loops_ring, kennysheep_another_room,
          kennysheep_generic_room_7, uniq_sigmund
D:3:      layout_loops_cross, kennysheep_slug_shrine, palyth_stone_intersect,
          minmay_fractal_squares_gapless_5
D:4:      layout_layer_cave, corner_web_ring
D:7:      layout_gridville, enter_bailey_2, kennysheep_generic_room_16,
          uniq_duvessa

Skill      XL: |  1  2  3  4  5  6  7 |
---------------+----------------------+-----
Ice Magic      | 5 6 7 |  7.4
Fighting       | 1 |  1.7
Stealth        | 2 |  2.5
Spellcasting   | 4 |  4.5
Dodging        | 3 |  3.2
Polearms       | 1 2 |  2.2
Unarmed Combat | |  0.5

Action                   |  1- 3 |  4- 6 |  7- 9 || total
-------------------------+-------+-------+-------++-------
Melee: Unarmed           |    19 |     2 |       ||    21
       Scythe            |       |    71 |    12 ||    83
 Cast: Freeze            |    48 |     7 |       ||    55
       Frozen Ramparts   |       |    21 |     4 ||    25
  Use: Potion            |       |       |     1 ||     1
 Stab: Sleeping          |     1 |     5 |       ||     6
Armor: Robe              |     4 |    22 |     8 ||    34
Dodge: Dodged            |    32 |    82 |    41 ||   155

Table legend: (Time is in decaauts)
 A = Elapsed time spent in this place.
 B = Non-inter-level travel time spent in this place.
 C = Inter-level travel time spent in this place.
 D = Time resting spent in this place.
 E = Time spent auto-exploring this place.
 F = Levels seen in this place.
 G = Mean time per level.
                   A        B        C        D        E       F      G
               +--------+--------+--------+--------+--------+-----+--------+
         Total |   5328 |   5230 |     98 |    390 |   4156 |   5 | 1065.6 |
       Dungeon |   5328 |   5230 |     98 |    390 |   4156 |   5 | 1065.6 |
               +--------+--------+--------+--------+--------+-----+--------+

Top non-repeatable levels by time:
     D:2: 1811 daAuts
     D:3: 1475 daAuts
     D:1: 1228 daAuts
     D:4: 680 daAuts
     D:7: 132 daAuts
